 Dungeon Crawl Stone Soup version 0.18.1-8-gdd0e5ea (webtiles) character file.

18179 Gargoyl the Protected (level 12, -1/94 HPs)
             Began as a Demonspawn Abyssal Knight on June 10, 2016.
             Was a High Priest of Lugonu.
             Slain by an orc warrior
             ... wielding a +0 trident
              (13 damage)
             ... on level 1 of the Orcish Mines.
             The game lasted 00:31:38 (16499 turns).

Gargoyl the Protected (Demonspawn Abyssal Knight)  Turns: 16499, Time: 00:31:39

Health: -1/94      AC: 17    Str: 16 (17) XL:     12   Next: 25%
Magic:  0/14       EV: 10    Int: 12      God:    Lugonu [*****.]
Gold:   589        SH:  0    Dex: 13      Spells: 0 memorised, 15 levels left

rFire  . . .     SeeInvis +     o - +3 war axe
rCold  + . .     Gourm    .     H - +0 plate armour {rC+}
rNeg   . . .     Faith    .     (no shield)
rPois  .         Spirit   +     (helmet unavailable)
rElec  .         Dismiss  .     l - +1 cloak
rCorr  .         Reflect  .     (no gloves)
SustAt .         Harm     .     (no boots)
MR     +....                    j - amulet of rage
Stlth  ..........               C - ring of protection from magic
                                a - ring of see invisible

@: exhausted, about to teleport, slowed, very slow, somewhat resistant to
hostile enchantments, extremely unstealthy
A: hooves 1, horns 3, repulsion field 1, dopey 1, low mp 1, regeneration 1,
magic shield, magic regeneration, rot immunity
a: Depart the Abyss, Bend Space, Banish, Corrupt, Enter the Abyss, Renounce
Religion, Evoke Berserk Rage


You were on level 1 of the Orcish Mines.
You worshipped Lugonu.
Lugonu was extremely pleased with you.
You were hungry.

You visited 2 branches of the dungeon, and saw 11 of its levels.
You visited the Abyss 1 time.

You collected 589 gold pieces.

Inventory:

Hand Weapons
 o - a +3 war axe (weapon)
Missiles
 i - 16 tomahawks (quivered)
Armour
 l - a +1 cloak (worn)
 H - a +0 plate armour of cold resistance (worn)
Jewellery
 a - a ring of see invisible (left hand)
 j - an amulet of rage (around neck)
 u - an uncursed ring of ice
 C - a ring of protection from magic (right hand)
Wands
 e - a wand of disintegration (19/24)
 m - a wand of heal wounds (3/9)
 x - a wand of lightning (9/15)
 A - a wand of digging (2/24)
Scrolls
 b - 2 scrolls of teleportation
 g - 2 scrolls of enchant weapon
 h - 2 scrolls of recharging
 n - 4 scrolls of remove curse
 q - 2 scrolls of fog
 r - 5 scrolls of identify
 w - 2 scrolls of amnesia
 y - a scroll of magic mapping
Potions
 k - a potion of curing
 s - a potion of flight
 z - a potion of brilliance
Books
 v - a book of Alchemy

   Spells                             Type                      Level
   a - Sublimation of Blood           Necromancy                   2
   b - Ignite Poison                  Fire/Transmutation/Poison    3
   c - Petrify                        Transmutation/Earth          4
   d - Alistair's Intoxication        Transmutation/Poison         5
   e - Irradiate                      Conjuration/Transmutation    5
Comestibles
 c - 9 bread rations
 d - 5 meat rations
 f - a chunk of flesh
 t - 5 beef jerkies
 B - 7 slices of pizza
 D - a fruit
 E - a royal jelly


   Skills:
 + Level 8.6 Fighting
 + Level 8.1 Axes
 + Level 2.4 Throwing
 * Level 11.7 Armour
 + Level 5.7 Dodging
 + Level 3.0 Stealth
 + Level 2.0 Unarmed Combat
 + Level 2.0 Spellcasting
 + Level 5.1 Invocations
 + Level 3.3 Evocations


You had 15 spell levels left.
You didn't know any spells.

Dungeon Overview and Level Annotations

Branches:
Dungeon (10/15)            Temple (0/1) D:6             Orc (1/2) D:9
   Lair: D:8-11

Altars:
Ashenzari
Dithmenos
Elyvilon
Fedhas
Gozag
Kikubaaqudgha
Makhleb
Nemelex Xobeh
Pakellas
Qazlal
Ru
Trog
Vehumet
Zin

Shops:
D:5 }

Annotations:
Abyss:1 Menkaure


Innate Abilities, Weirdness & Mutations

You have a pair of large horns on your head.
You are surrounded by a mild repulsion field (EV +2).
When hurt, damage is shared between your health and your magic reserves.
You regenerate magic rapidly.
You are immune to rotting.
You have large cloven feet.
You are dopey. (Int -2)
Your magical capacity is low (-10% MP).
Your natural rate of healing is unusually fast.


Message History

The orc wizard hits you but does no damage.
The orc warrior hits you but does no damage.
The orc warrior hits you but does no damage.
The orc wizard closely misses you.
The orc knight shoots a bolt.
The bolt barely misses the orc wizard.
The bolt hits you!
Unknown command.
Read which item? (? for menu, Esc to quit)
As you read the scroll of teleportation, it crumbles to dust.
You feel strangely unstable. The orc wizard hits you with a dagger.
The orc warrior hits you with a trident!!
* * * LOW HITPOINT WARNING * * *
The orc wizard barely misses you. The orc warrior barely misses you.
Drink which item? (? for menu, Esc to quit)
Okay, then.
The orc no longer looks unusually strong.
The orc wizard casts a spell at you. The magic dart hits you!
* * * LOW HITPOINT WARNING * * *
The orc warrior hits you from afar with a trident!
You die...

... ......... .. #..
........ ...#>. .....#
...##.###....##
....##.#......#
........)o....#.## #
........ooh)...... ..
.......oo###...... #..
.......@#.# .$... ...#
####.......## .... ....#
##.........#.# ###..#
.....##..........#####.##..
#.......>.............# .
###........#.##.....#.##
#.....).....# #......##
##.........## #.....##
##........))###.....#


You could see an orc knight, a warg, 2 orc warriors, an orc wizard (invisible)
and an orc.

Vanquished Creatures
  A hill giant (D:10)
  Pikel (D:4)
  An ugly thing (D:10)
  A cyclops (D:9)
  2 gargoyles (D:10)
  A two-headed ogre (D:8)
  Grinder (D:4)
  Sigmund (D:5)
  A vampire (D:9)
  Eustachio (D:5)
  2 hippogriffs
  4 yaks
  A human (D:7)
  2 water moccasins
  Duvessa (D:4)
  A black bear (D:6)
  8 orc warriors
  3 ice beasts
  3 sky beasts
  4 phantoms
  The ghost of Gargoyl the Skirmisher, an amateur DsAK of Lugonu (D:3)
  5 centaurs
  8 ogres
  2 big kobolds
  3 giant frogs
  Dowan (D:4)
  A water moccasin skeleton (D:4)
  3 scorpions
  12 killer bees (D:9)
  A howler monkey (D:6)
  9 wights
  An electric eel (D:10)
  3 jellies
  4 crimson imps
  A centaur zombie (D:6)
  4 giant frog zombies
  3 iron imps (D:7)
  10 orc priests
  3 centaur skeletons
  2 giant frog skeletons
  Crazy Yiuf (D:5)
  2 hounds
  Jessica (D:3)
  Natasha (thrice) (D:3)
  2 iguanas (D:8)
  9 orc wizards
  10 worker ants
  4 sheep (D:7)
  2 hound zombies
  Robin (D:4)
  8 gnolls
  A howler monkey skeleton (D:5)
  11 adders
  2 shadow imps
  2 adder zombies
  An adder skeleton (D:7)
  2 worms (D:2)
  3 dart slugs
  9 giant geckos
  44 orcs
  3 ball pythons
  4 giant cockroaches
  16 goblins
  16 hobgoblins
  2 quokkas
  14 bats
  5 giant newts
  31 kobolds
  2 rats
328 creatures vanquished.

Vanquished Creatures (others)
  An efreet (D:10)
  A quokka (D:7)
2 creatures vanquished.

Grand Total: 330 creatures vanquished

Notes
Turn   | Place    | Note
--------------------------------------------------------------
     0 | Abyss:1  | Gargoyl the Demonspawn Abyssal Knight began the quest for the Orb.
     0 | Abyss:1  | Reached XP level 1. HP: 18/18 MP: 2/2
    40 | Abyss:1  | Noticed an apocalypse crab
    42 | Abyss:1  | Noticed a small abomination
   114 | Abyss:2  | Noticed a smoke demon
   114 | D:1      | Escaped the Abyss
   129 | D:1      | Reached * piety under Lugonu
   130 | D:1      | Reached skill level 1 in Dodging
   337 | D:1      | Gained mutation: You have a pair of small horns on your head. [demonic ancestry]
   337 | D:1      | Reached XP level 2. HP: 22/24 MP: 3/3
   657 | D:1      | Reached skill level 2 in Armour
   815 | D:1      | Gained mutation: You have a pair of horns on your head. [demonic ancestry]
   815 | D:1      | Reached XP level 3. HP: 29/29 MP: 4/4
  1265 | D:2      | Reached ** piety under Lugonu
  1595 | D:2      | Found a radiant altar of Vehumet.
  1595 | D:2      | Found a glowing silver altar of Zin.
  1595 | D:2      | Found an oddly glowing altar of Pakellas.
  1751 | D:2      | Found an opulent altar of Gozag.
  1928 | D:2      | Gained mutation: You are immune to rotting. [demonic ancestry]
  1928 | D:2      | Reached XP level 4. HP: 34/36 MP: 5/5
  2787 | D:3      | Noticed Gargoyl's ghost (amateur DsAK)
  3122 | D:4      | Noticed Grinder
  3125 | D:4      | Paralysed by Grinder for 6 turns
  3145 | D:4      | Killed Grinder
  3145 | D:4      | Reached skill level 3 in Armour
  3145 | D:4      | Gained mutation: You are surrounded by a mild repulsion field (EV +2). [demonic ancestry]
  3145 | D:4      | Reached XP level 5. HP: 12/42 MP: 6/6
  3145 | D:4      | Reached XP level 6. HP: 14/48 MP: 7/7
  3475 | D:3      | Found a shattered altar of Ashenzari.
  3475 | D:3      | Noticed Natasha
  3485 | D:3      | Killed Natasha
  3561 | D:3      | Noticed Jessica
  3575 | D:3      | Killed Jessica
  3674 | D:3      | Killed Gargoyl's ghost
  3674 | D:3      | Reached skill level 4 in Armour
  4014 | D:3      | Noticed Natasha
  4019 | D:3      | Killed Natasha
  4074 | D:3      | Noticed Natasha
  4082 | D:3      | Killed Natasha
  4365 | D:4      | Noticed Dowan
  4366 | D:4      | Noticed Duvessa
  4379 | D:4      | Reached XP level 7. HP: 48/55 MP: 8/8
  4383 | D:4      | Killed Duvessa
  4383 | D:4      | Reached skill level 1 in Evocations
  4385 | D:4      | Killed Dowan
  4385 | D:4      | Reached skill level 5 in Armour
  4579 | D:4      | Reached *** piety under Lugonu
  4723 | D:4      | Reached skill level 5 in Fighting
  4811 | D:4      | Found a sparkling altar of Nemelex Xobeh.
  4818 | D:4      | Noticed Robin
  4842 | D:4      | Found a bloodstained altar of Trog.
  4845 | D:4      | Killed Robin
  5192 | D:4      | Noticed Menkaure
  5200 | D:4      | Banished Menkaure
  5200 | D:4      | Reached skill level 6 in Armour
  5200 | D:4      | Reached XP level 8. HP: 17/62 MP: 9/9
  5730 | D:4      | Noticed Pikel
  5759 | D:4      | Killed Pikel
  5759 | D:4      | Reached skill level 7 in Armour
  6271 | D:5      | Entered Level 5 of the Dungeon
  6292 | D:5      | Found Jos Soso's Quality Used Wands.
  6303 | D:5      | Reached **** piety under Lugonu
  6615 | D:5      | Noticed Sigmund
  6646 | D:5      | Killed Sigmund
  6646 | D:5      | Reached XP level 9. HP: 27/69 MP: 11/11
  6651 | D:5      | Reached skill level 8 in Armour
  6804 | D:5      | Found a sacrificial altar of Ru.
  6854 | D:5      | Noticed Crazy Yiuf
  6862 | D:5      | Killed Crazy Yiuf
  7120 | D:5      | Noticed Eustachio
  7172 | D:5      | Killed Eustachio
  7172 | D:5      | Reached skill level 1 in Stealth
  7646 | D:6      | Reached skill level 5 in Axes
  7959 | D:6      | Found an oddly glowing altar of Pakellas.
  8129 | D:6      | Found a staircase to the Ecumenical Temple.
  8749 | D:7      | Found a white marble altar of Elyvilon.
  8766 | D:7      | Found a blossoming altar of Fedhas.
  8792 | D:7      | Found a white marble altar of Elyvilon.
  8795 | D:7      | Found a shadowy altar of Dithmenos.
  8798 | D:7      | Found an ancient bone altar of Kikubaaqudgha.
  8811 | D:7      | Found a stormy altar of Qazlal.
  9628 | D:7      | Reached skill level 9 in Armour
  9740 | D:7      | Found a burning altar of Makhleb.
 10103 | D:8      | Gained mutation: When hurt, damage is shared between your health and your magic reserves. [demonic ancestry]
 10103 | D:8      | Reached XP level 10. HP: 77/77 MP: 12/12
 10758 | D:8      | Reached ***** piety under Lugonu
 11928 | D:8      | Got a translucent falchion
 11929 | D:8      | Identified the +6 falchion "Poim" {flame, Str-4 Dex+3 Stlth+} (You found it on level 8 of the Dungeon)
 11976 | D:9      | Found a staircase to the Orcish Mines.
 12015 | D:8      | Reached skill level 10 in Armour
 12482 | D:9      | Noticed a cyclops
 12648 | D:9      | Killed a cyclops
 13267 | D:9      | Reached skill level 5 in Dodging
 13555 | D:8      | HP: 4/80 [water moccasin (4)]
 13560 | D:8      | Reached skill level 11 in Armour
 13560 | D:8      | Reached XP level 11. HP: 11/86 MP: 1/14
 13572 | D:8      | HP: 6/129 [poisoned by a water moccasin]
 13577 | D:8      | HP: 5/129 [poisoned by a water moccasin]
 13582 | D:8      | HP: 4/129 [poisoned by a water moccasin]
 13589 | D:8      | HP: 4/129 [poisoned by a water moccasin]
 13596 | D:8      | HP: 5/129 [poisoned by a water moccasin]
 14991 | D:10     | Entered Level 10 of the Dungeon
 15279 | D:10     | Gained mutation: You regenerate magic rapidly. [demonic ancestry]
 15279 | D:10     | Reached XP level 12. HP: 72/93 MP: 13/15
 15477 | D:10     | Gained mutation: You are dopey. (Int -2) [mutagenic meat]
 15478 | D:10     | Gained mutation: You have large cloven feet. [mutagenic meat]
 15479 | D:10     | Gained mutation: Your magical capacity is low (-10% MP). [mutagenic meat]
 15480 | D:10     | Gained mutation: Your natural rate of healing is unusually fast. [mutagenic meat]
 15481 | D:10     | Gained mutation: You have a pair of large horns on your head. [mutagenic meat]
 15579 | D:10     | Reached skill level 5 in Invocations
 15906 | D:10     | HP: 2/94 [gargoyle/stone arrow (16)]
 16286 | Orc:1    | Entered Level 1 of the Orcish Mines
 16499 | Orc:1    | Slain by an orc warrior

Skill      XL: |  1  2  3  4  5  6  7  8  9 10 11 12 |
---------------+-------------------------------------+-----
Dodging        | 1 2 3 4 5 |  5.7
Armour         | 2 3 4 6 7 9 11 | 11.7
Axes           | 2 3 4 6 7 8 |  8.1
Fighting       | 4 5 6 8 |  8.6
Evocations     | 1 3 |  3.3
Invocations    | 3 4 5 |  5.1
Stealth        | 1 3 |  3.0
Throwing       | 2 |  2.4
Unarmed Combat | 2 |  2.0
Spellcasting   | 2 |  2.0

Action                   |  1- 3 |  4- 6 |  7- 9 | 10-12 || total
-------------------------+-------+-------+-------+-------++-------
Melee: Hand axe          |   123 |    90 |       |       ||   213
       Headbutt          |    15 |    15 |    80 |    95 ||   205
       War axe           |       |    49 |   410 |   501 ||   960
       Battleaxe         |       |       |       |    14 ||    14
       Punch             |       |       |       |     1 ||     1
       Kick              |       |       |       |    26 ||    26
Throw: Tomahawk          |       |       |    12 |    18 ||    30
Invok: Depart the Abyss  |     1 |       |       |       ||     1
       Banish            |       |       |     1 |     1 ||     2
       Bend Space        |       |       |       |     1 ||     1
 Abil: Evoke Berserk Rag |       |     3 |     1 |     9 ||    13
  Use: Potion            |       |     3 |     5 |    11 ||    19
       Scroll            |       |       |    10 |     5 ||    15
 Stab: Invisible         |       |       |     3 |     5 ||     8
  Eat: Chunk             |     3 |     4 |    18 |    30 ||    55
       Pizza             |       |     1 |     1 |       ||     2
       Bread ration      |       |     1 |       |       ||     1
       Beef jerky        |       |       |     1 |       ||     1
       Royal jelly       |       |       |       |     1 ||     1
       Fruit             |       |       |       |     2 ||     2
Armor: Leather armour    |    31 |       |       |       ||    31
       Ring mail         |    25 |    41 |       |       ||    66
       Chain mail        |       |    33 |   344 |    58 ||   435
       Plate armour      |       |       |       |   394 ||   394
       Skin              |       |       |       |    18 ||    18
Dodge: Dodged            |    98 |   100 |   304 |   330 ||   832
